 Dungeon Crawl Stone Soup version 0.26-a0-200-g62faa89a7e (webtiles) character file.

Game seed: 16555393137588718729

177 Gargoyl the Skirmisher (level 5, -4/46 HPs)
             Began as a Centaur Abyssal Knight on July 5, 2020.
             Was a Believer of Lugonu.
             Killed by nerve-wracking pain
             ... invoked by Grinder
              (10 damage)
             ... on level 3 of the Dungeon.
             The game lasted 00:05:40 (3546 turns).

Gargoyl the Skirmisher (Centaur Abyssal Knight)     Turns: 3546, Time: 00:05:41

Health: -4/46      AC: 13    Str: 12 (15) XL:     5   Next: 31%
Magic:  7/7        EV:  1    Int: 10 (11) God:    Lugonu [**....]
Gold:   285        SH:  0    Dex:  8 (9)  Spells: 4/4 levels left

rFire    . . .     SeeInvis .   a - +1 hand axe
rCold    . . .     Faith    .   (no shield)
rNeg     . . .     Spirit   .   d - +4 plate armour
rPois    .         Reflect  .   (no helmet)
rElec    .         Harm     .   (no cloak)
rCorr    .                      (no gloves)
MR       .....                  (no barding)
Stlth    ..........             (no amulet)
HPRegen  0.15/turn              (no ring)
MPRegen  0.10/turn              (no ring)

@: stab, very slightly contaminated, invisible, very quick
A: large, hooves 3, deformed body, speed 2, tough skin 3
a: Depart the Abyss, Bend Space, Renounce Religion


You were on level 3 of the Dungeon.
You worshipped Lugonu.
Lugonu was pleased with you.
You were hungry.

You visited 1 branch of the dungeon, and saw 3 of its levels.
You visited the Abyss 1 time.

You collected 285 gold pieces.

Inventory:

Hand Weapons
 a - a +1 hand axe (weapon)
Missiles
 b - 7 javelins (quivered)
Armour
 d - a +4 plate armour (worn)
Scrolls
 f - 2 scrolls of remove curse
 j - a scroll of identify
Comestibles
 c - 5 rations


   Skills:
 + Level 3.7 Fighting
 + Level 2.9 Axes
 * Level 2.5 Armour
 * Level 1.4 Dodging
 * Level 2.8 Invocations


You had 4 spell levels left.
You didn't know any spells.
Your spell library was empty.

Dungeon Overview and Level Annotations

Branches:
Dungeon (3/15)

Altars:
Ashenzari
Qazlal
Yredelemnul

Annotations:
D:3 Grinder


Innate Abilities, Weirdness & Mutations

You have hooves in place of feet.
Armour fits poorly on your strangely shaped body.
You cover ground very quickly.
You have extremely tough skin. (AC +3)


Message History

You see here a smoky blue potion.
e - a smoky blue potion Grinder hits you but does no damage.
You hit Grinder but do no damage.
Grinder is heavily wounded.
Grinder hits you.
* * * LOW HITPOINT WARNING * * *
You writhe in agony.
* * * LOW HITPOINT WARNING * * *
It was a potion of stabbing.
You feel ready to backstab. Grinder hits you.
* * * LOW HITPOINT WARNING * * *
You writhe in agony.
* * * LOW HITPOINT WARNING * * *
You hit Grinder.
Grinder is heavily wounded.
Grinder gestures at you. Pain shoots through your body!
You die...

#####################
#...................#
#..#...#(..#...#...###
#_......5............#
#..#...#†@.#...#...#.#
#....................#
####################.#
#...###########.#
#############...............#
................#############
.##<....#########****
###.....#,,,,,,,,,,,*
#.....#,,,,,,,,,,,*


You could see Grinder.

Vanquished Creatures
  Natasha (twice) (D:2)
  7 adders
  An ufetubus (Abyss:2)
  5 leopard geckos
  8 bats
  2 giant cockroaches
  6 goblins
  6 hobgoblins
  3 quokkas (D:2)
  A ball python (D:3)
  5 frilled lizards
  8 kobolds
  6 rats
60 creatures vanquished.

Notes
Turn   | Place    | Note
-------+----------+-------------------------------------------
     0 | Abyss:1  | Gargoyl the Centaur Abyssal Knight began the quest for the
                  | Orb.
     0 | Abyss:1  | Reached XP level 1. HP: 19/19 MP: 2/2
   104 | Abyss:2  | Noticed a small abomination
   168 | Abyss:3  | Noticed a wretched star
   178 | Abyss:3  | Noticed a naga warrior
   178 | Abyss:3  | Noticed a naga warrior
   180 | Abyss:3  | Noticed a guardian serpent
   181 | D:1      | Escaped the Abyss
   254 | D:1      | Reached * piety under Lugonu
   260 | D:1      | Reached XP level 2. HP: 18/26 MP: 3/3
   507 | D:1      | Found a shattered altar of Ashenzari.
   923 | D:1      | Reached XP level 3. HP: 31/31 MP: 4/4
  1259 | D:2      | Reached skill level 1 in Dodging
  1448 | D:2      | Noticed Natasha
  1467 | D:2      | Killed Natasha
  1467 | D:2      | Reached XP level 4. HP: 11/39 MP: 5/5
  2049 | D:2      | Noticed Natasha
  2064 | D:2      | Killed Natasha
  2064 | D:2      | Reached ** piety under Lugonu
  2386 | D:3      | Reached XP level 5. HP: 44/46 MP: 7/7
  2904 | D:3      | Found a stormy altar of Qazlal.
  3194 | D:3      | Noticed Grinder
  3197 | D:3      | Paralysed by Grinder for 5 turns
  3527 | D:3      | Found a basalt altar of Yredelemnul.
  3546 | D:3      | Killed from afar by Grinder

Illustrated notes

Levels and vault maps discovered:
D:1:      psy_arrival_conway, layout_loops_ring, ashenzari_altar_1
D:2:      wander_river, layout_loops_cross, first_ration, uniq_natasha
D:3:      layout_rooms, lemuel_coloured_pillars_altar,
          nicolae_qazlal_eye_of_the_storm, uniq_grinder

Skill      XL: |  1  2  3 |
---------------+----------+-----
Axes           | 2 |  2.9
Dodging        | 1 |  1.4
Armour         | 2 |  2.5
Fighting       | |  3.7
Invocations    | |  2.8

Action                   |  1- 3 |  4- 6 || total
-------------------------+-------+-------++-------
Melee: Hand axe          |   100 |   121 ||   221
       Kick              |    13 |    16 ||    29
Invok: Depart the Abyss  |     1 |       ||     1
  Use: Potion            |     1 |     6 ||     7
       Scroll            |       |     5 ||     5
  Eat: Chunk             |     1 |     5 ||     6
Armor: Plate armour      |    78 |   137 ||   215
       Leather armour    |     4 |       ||     4
Dodge: Dodged            |    19 |    16 ||    35

Table legend:
 A = Non-vault XP
 B = Vault XP
 C = Vault XP percentage of total XP
 D = Non-vault monster count
 E = Vault monster count
 F = Vault count percentage of total count
                 A         B        C        D         E       F
            +---------+---------+-------+---------+---------+-------
      Total |     219 |      35 |  13.8 |      59 |       1 |   1.7
            +---------+---------+-------+---------+---------+-------
        D:1 |      50 |       0 |   0.0 |      24 |       0 |   0.0
        D:2 |      96 |      35 |  26.7 |      15 |       1 |   6.2
        D:3 |      65 |       0 |   0.0 |      19 |       0 |   0.0
    Abyss:2 |       8 |       0 |   0.0 |       1 |       0 |   0.0
            +---------+---------+-------+---------+---------+-------
